 Dungeon Crawl Stone Soup version 0.28.0 (webtiles) character file.

Game seed: 9036995501532318034

3430 freelancePsychic the Destroyer (level 9, 0/69 HPs)
             Began as a Demonspawn Delver on Feb 18, 2022.
             Was a Follower of Cheibriados.
             Slain by a troll (10 damage)
             ... on level 9 of the Dungeon.
             The game lasted 00:22:16 (11525 turns).

freelancePsychic the Destroyer (Demonspawn Delver) Turns: 11525, Time: 00:22:16

Health: 0/69       AC:  7    Str: 16    XL:     9   Next: 77%
Magic:  4/16       EV: 12    Int: 18    God:    Cheibriados [*.....]
Gold:   231        SH:  8    Dex: 18    Spells: 6/18 levels left

rFire   . . .      SeeInvis .   w - +0 whip (elec)
rCold   + . .      Faith    .   (no shield)
rNeg    . . .      Spirit   .   b - +0 leather armour
rPois   .          Reflect  .   x - +0 helmet
rElec   .          Harm     .   (no cloak)
rCorr   .          Rampage  .   (no gloves)
Will    .....                   n - +2 pair of boots
Stlth   +++.......              g - amulet of the acrobat
HPRegen 0.21/turn               m - ring of protection from cold
MPRegen 0.15/turn               (no ring)

@: weak-willed, very slow
A: large bone plates 1, condensation shield, weakness stinger 2, evolution 1
a: Renounce Religion, Bend Time


You were on level 9 of the Dungeon.
You worshipped Cheibriados.
Cheibriados was aware of your devotion.
You visited 2 branches of the dungeon, and saw 10 of its levels.

You collected 381 gold pieces.
You spent 150 gold pieces at shops.

Inventory:

Hand Weapons
 a - a +0 short sword
 f - a +1 dagger
 w - a +0 whip of electrocution (weapon)
 E - a +1 demon blade
Missiles
 B - a throwing net
Armour
 b - a +0 leather armour (worn)
 n - a +2 pair of boots (worn)
 x - a +0 helmet (worn)
Magical Staves
 p - a staff of air
Jewellery
 g - an amulet of the acrobat (around neck)
 m - a ring of protection from cold (left hand)
 o - an amulet of faith
 t - a ring of protection from fire
 y - a ring of see invisible
 I - a ring of fire
 K - an amulet of reflection
Wands
 v - a wand of mindburst (4) {@v3}
 C - a wand of paralysis (17)
 D - a wand of flame (16) {@v2}
 F - a wand of iceblast (3)
 J - a wand of polymorph (6)
 L - a wand of acid (4)
Scrolls
 c - 3 scrolls of fog
 i - 2 scrolls of enchant armour
 j - a scroll of holy word
 G - a scroll of magic mapping
 M - a scroll of immolation
Potions
 e - 2 potions of flight {unknown}
 k - a potion of cancellation {unknown}
 l - a potion of lignification
 q - 2 potions of mutation
 r - a potion of brilliance {unknown}
 s - a potion of attraction
 u - 2 potions of resistance {unknown}
 z - 4 potions of curing {@q1}
 A - 2 potions of heal wounds {unknown}
 H - a potion of might


   Skills:
 + Level 5.8 Fighting
 - Level 2.8 Short Blades
 - Level 2.1 Dodging
 - Level 4.7 Stealth
 + Level 5.3 Spellcasting
 - Level 9.0 Conjurations
 + Level 4.6 Hexes
 - Level 2.8 Summonings
 - Level 1.6 Transmutations
 - Level 1.5 Air Magic


You had 6 spell levels left.
You knew the following spells:

 Your Spells              Type           Power      Damage    Failure   Level
a - Fulminant Prism       Conj/Hex       14%        3d9       10%         4
b - Searing Ray           Conj           74%        2d7       1%          2
c - Summon Guardian Gole  Hex/Summ       18%        N/A       11%         3
d - Call Canine Familiar  Summ           14%        N/A       16%         3

Your spell library contained the following spells:

 Spells                   Type           Power      Damage    Failure   Level
 Magic Dart               Conj           100%       1d8       1%          1
 Tukima's Dance           Hex            21%        N/A       7%          3
 Conjure Flame            Conj/Fire      21%        6-21      8%          3
 Wereblood                Tmut           10%        N/A       12%         2
 Inner Flame              Hex/Fire       13%        N/A       19%         3
 Portal Projectile        Hex/Tloc       26%        N/A       19%         3
 Cause Fear               Hex            10%        N/A       24%         4
 Sticky Flame             Conj/Fire      21%        2d4       24%         4
 Ignite Poison            Fire/Tmut/Pois 6%         N/A       36%         3
 Frozen Ramparts          Ice            8%         1d2       43%         3
 Gell's Gravitas          Tloc           4%         N/A       43%         3
 Lesser Beckoning         Tloc           4%         N/A       43%         3
 Teleport Other           Tloc           4%         N/A       43%         3
 Leda's Liquefaction      Hex/Erth       6%         N/A       52%         4
 Summon Ice Beast         Ice/Summ       9%         N/A       65%         4
 Ice Form                 Ice/Tmut       7%         N/A       75%         4
 Yara's Violent Unravell  Hex/Tmut       8%         3d5       77%         5
 Passage of Golubria      Tloc           4%         N/A       85%         4
 Storm Form               Tmut/Air       5%         N/A       100%        7


Dungeon Overview and Level Annotations

Branches:
Dungeon (9/15)             Temple (1/1) D:6            Lair (0/6) D:9
    Orc: D:9-12

Altars:
Ashenzari
Cheibriados
Dithmenos
Elyvilon
Fedhas
Gozag
Hepliaklqana
Makhleb
Nemelex Xobeh
Okawaru
Qazlal
Ru
Sif Muna
Trog
Vehumet
Xom
Yredelemnul
Zin
The Shining One

Shops:
D:2 *   D:4 *(=[=   D:6 (

Annotations:
D:8 Maggie


Innate Abilities, Weirdness & Mutations

You are partially covered in large bone plates. (SH +4)
A meltable shield of frost defends you. (SH +4)
You have a tail ending in a sharp stinger.
You have hidden genetic potential.


Message History

You block the troll's attack. The troll closely misses you.
The orc closely misses you. The centaur zombie closely misses you.
You block the centaur zombie's attack.
The searing ray hits the two-headed ogre.
The two-headed ogre is heavily wounded.
You finish channelling your searing ray.
The troll bites you! The troll closely misses you. The troll barely misses you.
The orc hits you with a +0 short sword.
The centaur zombie completely misses you.
The centaur zombie kicks you but does no damage.
The orc wizard is no longer paralysed.
The centaur zombie barely misses you. You block the centaur zombie's attack.
The troll bites you!
* * * LOW HITPOINT WARNING * * *
You block the troll's attack. The troll misses you.
The orc hits you with a +0 short sword.
* * * LOW HITPOINT WARNING * * *
Really read the scroll of immolation?
As you read the scroll of immolation, it crumbles to dust.
The creatures around you are filled with an inner flame!
The two-headed ogre is no longer paralysed.
The centaur zombie misses you.
The centaur zombie kicks you but does no damage.
The troll bites you.
* * * LOW HITPOINT WARNING * * *
You block the troll's attack. The troll barely misses you.
The orc warrior closely misses you. The orc closely misses you.
You block the two-headed ogre's attack. x2
The centaur zombie hits you but does no damage.
The centaur zombie misses you.
Casting: Searing Ray (safe; 1% risk of failure)
Confirm with . or Enter, or press ? or * to list all spells.
Aiming: Searing Ray (safe; 1% risk of failure)
Press: ? - help, Shift-Dir - straight line, f/p - two-headed ogre
Aim: a two-headed ogre, wielding a +0 giant club and a +0 giant spiked club (heavily wounded, inner flame, weak-willed, 91% to hit)
The searing ray hits the two-headed ogre.
Flame seeps out of the two-headed ogre.
The two-headed ogre is severely wounded. (Press . to maintain the ray.)
The troll bites you!
You die...

### ###### #.. ....#
#.### ...# #.#.###..#
#..##.#..#
..##.#...############
).###......>...Zooo.###
........#...?..O@Too..#
######.##.#.#######.#.#
#.##.#.# # #.##.#.#
#..#.#.# ##.#.#.#
######....#.# .........
#. #'#####.


You could see a two-headed ogre (inner flame, weak-willed), a troll (inner
flame), an orc warrior (inner flame), an orc wizard (inner flame, weak-willed),
3 orcs and a centaur zombie (inner flame, weak-willed).

Vanquished Creatures
  A wyvern (D:9)
  2 steam dragons (D:9)
  3 ice beasts
  2 sky beasts
  A black bear (D:5)
  3 ogres
  A necrophage (D:5)
  3 centaurs
  3 bullfrogs
  A kobold brigand (D:9)
  5 scorpions
  A wyvern skeleton (D:7)
  2 water moccasin skeletons
  3 wights (D:7)
  A centaur zombie (D:9)
  2 bullfrog skeletons
  6 hounds
  3 centaur skeletons
  2 gnoll shamans
  An orc priest (D:6)
  2 jellies
  5 orc wizards
  5 iguanas
  A killer bee zombie (D:7)
  A hound skeleton (D:4)
  5 howler monkey zombies
  16 gnolls
  2 adders
  A shadow imp (D:6)
  A white imp (D:8)
  An ufetubus (D:6)
  3 dart slugs
  9 orcs
  6 endoplasms
  4 giant cockroaches
  4 goblins
  9 hobgoblins
  5 jackals
  2 quokkas
  5 ball pythons
  3 bats (D:1)
  3 frilled lizards
  6 kobolds
  6 rats
151 creatures vanquished.

Vanquished Creatures (others)
  15 fungi
  7 plants
22 creatures vanquished.

Grand Total: 173 creatures vanquished

Notes
Turn   | Place    | Note
-------+----------+-------------------------------------------
     0 | D:5      | freelancePsychic the Demonspawn Delver began the quest for
                  | the Orb.
     0 | D:5      | Reached XP level 1. HP: 18/18 MP: 1/1
   100 | D:5      | Noticed a necrophage
   137 | D:5      | Noticed an iguana
   138 | D:5      | Noticed an ice beast
   152 | D:5      | Gained mutation: You have a small tail. [demonic ancestry]
   152 | D:5      | Reached XP level 2. HP: 12/24 MP: 2/2
   823 | D:4      | Identified the +0 robe of the Shore {rF- Dex+3}
  1050 | D:3      | Reached XP level 3. HP: 22/29 MP: 3/3
  1386 | D:1      | Found a faded altar of an unknown god.
  1828 | D:1      | Learned a level 2 spell: Searing Ray
  2204 | D:2      | Found Qoistoow's General Store.
  2373 | D:2      | Reached XP level 4. HP: 32/35 MP: 4/4
  2587 | D:3      | Reached skill level 1 in Spellcasting
  2587 | D:3      | Reached skill level 1 in Conjurations
  2825 | D:2      | Reached skill level 2 in Conjurations
  2825 | D:2      | Gained mutation: You have a tail ending in a sharp stinger.
                  | [demonic ancestry]
  2825 | D:2      | Reached XP level 5. HP: 16/41 MP: 1/7
  3948 | D:4      | Reached skill level 3 in Conjurations
  4290 | D:4      | Reached XP level 6. HP: 43/47 MP: 4/10
  4337 | D:4      | Found Kije's General Store.
  4594 | D:4      | Reached skill level 4 in Conjurations
  4651 | D:4      | Found Galeh's Jewellery Shoppe.
  4786 | D:4      | Reached skill level 5 in Conjurations
  4786 | D:4      | Gained mutation: You are partially covered in large bone
                  | plates. (SH +4) [demonic ancestry]
  4786 | D:4      | Reached XP level 7. HP: 50/52 MP: 2/11
  5025 | D:4      | Found Macutept's Weapon Boutique.
  5162 | D:4      | Reached skill level 6 in Conjurations
  5568 | D:4      | Found Mil Onit's Antique Armour Boutique.
  5588 | D:4      | Found Harraku's Jewellery Boutique.
  5764 | D:5      | Reached skill level 7 in Conjurations
  5936 | D:6      | Gained mutation: A meltable shield of frost defends you.
                  | (SH +4) [demonic ancestry]
  5936 | D:6      | Reached XP level 8. HP: 28/58 MP: 5/12
  6049 | D:6      | Found Ugifot's Hydra Hut.
  6050 | D:6      | Noticed an eight-headed hydra
  6104 | D:6      | Reached skill level 8 in Conjurations
  6533 | D:6      | Reached skill level 1 in Hexes
  7526 | D:6      | Found a staircase to the Ecumenical Temple.
  7532 | D:6      | Reached skill level 9 in Conjurations
  7535 | Temple   | Entered the Ecumenical Temple
  7660 | Temple   | Became a worshipper of Cheibriados the Contemplative
  7702 | D:6      | Learned a level 4 spell: Fulminant Prism
  7851 | D:4      | Bought a +0 demon blade for 150 gold pieces
  7857 | D:4      | Identified a scroll of acquirement
  7857 | D:4      | Acquired the Handbook of Bewitching Moulding
  8308 | D:5      | Reached skill level 1 in Transmutations
  8585 | D:5      | Reached skill level 1 in Air Magic
  8585 | D:5      | Reached XP level 9. HP: 47/67 MP: 4/13
  8967 | D:5      | Reached skill level 5 in Fighting
  9081 | D:7      | Reached * piety under Cheibriados
  9379 | D:7      | Reached skill level 1 in Summonings
  9422 | D:7      | Learned a level 3 spell: Summon Guardian Golem
 10097 | D:7      | Learned a level 3 spell: Call Canine Familiar
 10817 | D:8      | Noticed Maggie
 10933 | D:9      | Noticed a two-headed ogre
 11056 | D:9      | Reached skill level 5 in Spellcasting
 11061 | D:9      | Found a staircase to the Lair.
 11066 | D:9      | Gained mutation: You have hidden genetic potential. [potion
                  | of mutation]
 11514 | D:9      | Noticed a troll
 11525 | D:9      | Slain by a troll

Illustrated notes

Levels and vault maps discovered:
D:1:      dpeg_arrival_solitude, layout_basic, ebering_ecumenical_altar_webs
D:2:      layout_rooms, serial_shops, shop, minmay_misc_feat_plants,
          minivault_27, patterned_corridor
D:3:      layout_loops_cross
D:4:      layout_gridville, serial_shops, nicolae_shop_stone,
          nicolae_shop_trees, kennysheep_little_box, kennysheep_mini_moat, shop,
          minmay_increasing_density
D:5:      layout_basic
D:6:      layout_loops_corners, minmay_temple_entry_proselytizer,
          serial_aquarium, aquarium_bridge_long_joined
          [aquarium_subvault_window, aquarium_subvault_bridge,
          aquarium_subvault_bridge, aquarium_subvault_window,
          aquarium_subvault_balcony, aquarium_subvault_window],
          aquarium_bridge_square [aquarium_subvault_bridge,
          aquarium_subvault_window, aquarium_subvault_bridge,
          aquarium_subvault_bridge], aquarium_window_2, aquarium_window_fake,
          aquarium_view_2c, doesnt_shop_hydraphobe
D:7:      layout_basic
D:8:      layout_rooms, uniq_maggie
D:9:      minmay_the_grid_3x2 [minmay_the_grid_rooms,
          minmay_the_grid_stretched_grid, minmay_the_grid_outer_circle,
          minmay_the_grid_pillar_ring, minmay_the_grid_x,
          minmay_the_grid_prize_trominoes], layout_basic,
          nicolae_uskayaw_suspiria, dpeg_oklobed_lair, minmay_misc_feat_square
Temple:   regret_index_temple_sigil_plot

Skill      XL: |  1  2  3  4  5  6  7  8  9 |
---------------+----------------------------+-----
Short Blades   | 2 |  2.8
Dodging        | 2 |  2.1
Spellcasting   | 1 2 3 5 |  5.3
Conjurations   | 2 3 5 7 9 |  9.0
Hexes          | 3 4 |  4.6
Fighting       | 4 5 |  5.8
Transmutations | 1 |  1.6
Air Magic      | 1 |  1.5
Summonings     | 2 |  2.8
Stealth        | |  4.7

Action                   |  1- 3 |  4- 6 |  7- 9 || total
-------------------------+-------+-------+-------++-------
Melee: Short sword       |    24 |       |       ||    24
       Dagger            |   168 |    50 |    17 ||   235
       Tailslap          |    21 |    15 |    18 ||    54
       Punch             |     3 |       |     2 ||     5
       Whip              |       |       |    82 ||    82
 Cast: Searing Ray       |       |    20 |    76 ||    96
       Summon Guardian G |       |       |     5 ||     5
Evoke: Wand              |     3 |       |     4 ||     7
  Use: Scroll            |     5 |       |    13 ||    18
       Potion            |     1 |     1 |     5 ||     7
 Stab: Sleeping          |     8 |     1 |     2 ||    11
       Paralysed         |       |       |     5 ||     5
Armor: Leather armour    |    49 |    18 |    47 ||   114
       Skin              |       |       |    11 ||    11
Dodge: Dodged            |   134 |    68 |   175 ||   377
Block: Other             |       |       |    94 ||    94
